 Dungeon Crawl Stone Soup version 0.27.1-4-g1640c2035a (webtiles) character file.

Game seed: 5285014334110365916

439 Stomo444 the Skirmisher (level 6, -12/50 HPs)
             Began as a Demonspawn Monk on Nov 9, 2021.
             Was a Believer of Okawaru.
             Mangled by a two-headed ogre (19 damage)
             ... on level 5 of the Dungeon.
             The game lasted 00:11:21 (6900 turns).

Stomo444 the Skirmisher (Demonspawn Monk)           Turns: 6900, Time: 00:11:22

Health: -12/50     AC:  4    Str: 22    XL:     6   Next: 70%
Magic:  6/7        EV: 17    Int: 13    God:    Okawaru [**....]
Gold:   192        SH:  0    Dex: 15    Spells: 5/5 levels left

rFire    . . .     SeeInvis .   g - +2 whip (chaos)
rCold    . . .     Faith    .   (no shield)
rNeg     . . .     Spirit   .   b - +0 robe
rPois    .         Reflect  .   (no helmet)
rElec    .         Harm     .   (no cloak)
rCorr    .         Rampage  .   (no gloves)
Will     .....                  (no boots)
Stlth    +++.......             m - amulet of magic regeneration
HPRegen  0.16/turn              h - +6 ring of strength
MPRegen  0.35/turn              f - ring of wizardry

@: heroic, unable to read
A: claws 2, slimy green scales 1, foul stench 1, clever 1, strong 1, inability
to read while threatened
a: Renounce Religion, Heroism


You were on level 5 of the Dungeon.
You worshipped Okawaru.
Okawaru was pleased with you.
You visited 1 branch of the dungeon, and saw 5 of its levels.

You collected 192 gold pieces.

Inventory:

Hand Weapons
 a - a +0 mace
 g - a +2 whip of chaos (weapon)
 l - a +0 club
Armour
 b - a +0 robe (worn)
Jewellery
 f - a ring of wizardry (right claw)
 h - a +6 ring of strength (left claw)
 m - an amulet of magic regeneration (around neck)
Scrolls
 c - a scroll of blinking
 e - 2 scrolls of identify
 i - a scroll of enchant weapon {unknown}
 n - a scroll of summoning {unknown}
 o - 2 scrolls of noise {unknown}
 p - a scroll of holy word
 r - a scroll of teleportation {unknown}
Potions
 d - 3 potions of flight
 j - a potion of curing
 k - a potion of might {unknown}
 q - a potion of cancellation {unknown}


   Skills:
 + Level 4.9(9.9) Fighting
 + Level 4.4(9.4) Maces & Flails
 + Level 4.4(9.4) Dodging
 - Level 1.7(6.7) Stealth
 * Level 1.7 Invocations


You had 5 spell levels left.
You didn't know any spells.
Your spell library contained the following spells:

 Spells                   Type           Power      Damage    Failure   Level
 Freeze                   Ice            0%         1d3       12%         1
 Frozen Ramparts          Ice            0%         1d2       34%         3
 Hailstorm                Conj/Ice       0%         3d3       73%         4


Dungeon Overview and Level Annotations

Branches:
Dungeon (5/15)             Temple (0/1) D:4

Altars:
Okawaru
Vehumet
Xom


Innate Abilities, Weirdness & Mutations

You have very sharp fingernails.
You are partially covered in slimy green scales. (AC +2)
You may rarely emit foul miasma when damaged in melee.
Your mind is acute. (Int +2)
Your muscles are strong. (Str +2)
You sometimes lose the ability to read scrolls when taking damage.


Message History

You kill the jelly!
Okawaru accepts your kill.
You start resting.
You can read scrolls again.
You start resting.
You are no longer corroded.
You start resting.
You hear the slow rusting of a distant drain.
You start resting.
You hear the rusting of a distant drain.
You start resting.
You hear the rusting of a distant drain.
You start resting.
HP restored.
A two-headed ogre comes into view. It is wielding two +0 giant clubs.
The two-headed ogre moves out of view.
The two-headed ogre shouts in stereo!
A two-headed ogre is nearby!
A two-headed ogre is nearby!
Okay, then.
You gain the combat prowess of a mighty hero.
You hit the two-headed ogre but do no damage.
You drain the two-headed ogre.
The two-headed ogre is lightly wounded.
You whack the two-headed ogre!
The two-headed ogre is lightly wounded.
The two-headed ogre barely misses you. The two-headed ogre closely misses you.
You hit the two-headed ogre.
The two-headed ogre is poisoned.
The two-headed ogre is moderately wounded.
You hit the two-headed ogre. You burn the two-headed ogre.
The two-headed ogre is moderately wounded.
You hear the brisk rusting of a very distant drain.
The two-headed ogre hits you with a +0 giant club!! x2
You feel threatened and lose the ability to read scrolls!
* * * LOW HITPOINT WARNING * * *
You hit the two-headed ogre.
The two-headed ogre seems to speed up.
Your claw misses the two-headed ogre.
The two-headed ogre is moderately wounded.
The two-headed ogre hits you with a +0 giant club!!
You die...

#<# #.#
################.#
.................#
################.#
########### #.........#
#.#######.# #.# #@# #.#
#O# #.##............#
########.##........#####
†........##........#
###########........#
..........# ##........#
#........#


You could see a two-headed ogre (fast, very poisoned, drained).

Vanquished Creatures
  A necrophage (D:4)
  A jelly (D:5)
  3 hounds
  3 iguanas (D:4)
  2 gnolls (D:4)
  8 adders
  A worm (D:2)
  A dart slug (D:2)
  An orc (D:3)
  4 bats
  3 endoplasms
  3 giant cockroaches
  5 goblins
  5 hobgoblins
  6 jackals
  A quokka (D:2)
  7 ball pythons
  3 frilled lizards (D:2)
  7 kobolds
  10 rats
75 creatures vanquished.

Vanquished Creatures (others)
  A gnoll (D:4)
  4 fungi (D:5)
  57 plants (D:2)
62 creatures vanquished.

Grand Total: 137 creatures vanquished

Notes
Turn   | Place    | Note
-------+----------+-------------------------------------------
     0 | D:1      | Stomo444 the Demonspawn Monk began the quest for the Orb.
     0 | D:1      | Reached XP level 1. HP: 18/18 MP: 1/1
   232 | D:1      | Gained mutation: You may rarely emit foul miasma when
                  | damaged in melee. [demonic ancestry]
   232 | D:1      | Reached XP level 2. HP: 24/24 MP: 2/2
   957 | D:2      | Gained mutation: You are partially covered in slimy green
                  | scales. (AC +2) [demonic ancestry]
   957 | D:2      | Reached XP level 3. HP: 23/29 MP: 3/3
  2406 | D:2      | Found a radiant altar of Vehumet.
  2796 | D:2      | Gained mutation: You have sharp fingernails. [demonic
                  | ancestry]
  2796 | D:2      | Reached XP level 4. HP: 37/37 MP: 4/4
  3588 | D:3      | Found a large runed translucent door.
  3589 | D:3      | Found a large runed translucent door.
  3595 | D:3      | Found a shimmering altar of Xom.
  4506 | D:3      | Gained mutation: You sometimes lose the ability to read
                  | scrolls when taking damage. [potion of mutation]
  4506 | D:3      | Gained mutation: Your muscles are strong. (Str +2) [potion
                  | of mutation]
  4506 | D:3      | Gained mutation: Your mind is acute. (Int +2) [potion of
                  | mutation]
  4917 | D:4      | Reached XP level 5. HP: 42/42 MP: 5/5
  5040 | D:4      | Noticed a necrophage
  5061 | D:4      | Killed a necrophage
  5607 | D:4      | Gained mutation: You have very sharp fingernails. [demonic
                  | ancestry]
  5607 | D:4      | Reached XP level 6. HP: 31/49 MP: 6/6
  6459 | D:4      | Found an iron altar of Okawaru.
  6509 | D:4      | Found a staircase to the Ecumenical Temple.
  6571 | D:4      | Became a worshipper of Warmaster Okawaru
  6571 | D:4      | Reached * piety under Okawaru
  6571 | D:4      | Reached ** piety under Okawaru
  6593 | D:5      | Entered Level 5 of the Dungeon
  6699 | D:5      | Reached skill level 1 in Invocations
  6893 | D:5      | Noticed a two-headed ogre
  6900 | D:5      | Mangled by a two-headed ogre

Illustrated notes

Levels and vault maps discovered:
D:1:      scummos_arrival_star, layout_loops_cross, hangedman_decor_peaks_small,
          kennysheep_decorative_pillar, grunt_decor_one_mirror
D:2:      layout_loops_corners, serial_bayou, serial_bayou_pond_a,
          serial_bayou_shore_b, serial_bayou_lagoon_b, serial_bayou_lake_a,
          serial_bayou_shore_a, basic_altar,
          wander_ebering_terrifying_dragon_lair
D:3:      due_chaos_kobolds, layout_basic
D:4:      layout_gridville, mainiacjoe_overflow_alcove_1,
          minmay_temple_entry_fiery
D:5:      layout_basic, mainiacjoe_overflow_chevrons,
          mainiacjoe_overflow_tiny_flanked, nicolae_gozag_seed_capital,
          portal_sewer_entry_f, st_stairs_2, uniq_eustachio, uniq_pikel,
          uniq_prince_ribbit1

Skill      XL: |  1  2  3  4  5  6 |
---------------+-------------------+-----
Dodging        | 3 4 |  4.4
Maces & Flails | 3 4 |  4.4
Fighting       | 4 |  4.9
Invocations    | 1 |  1.7
Stealth        | |  1.7

Action                   |  1- 3 |  4- 6 || total
-------------------------+-------+-------++-------
Melee: Mace              |    96 |    56 ||   152
       Club              |    24 |       ||    24
       Whip              |       |   107 ||   107
Invok: Heroism           |       |     1 ||     1
  Use: Potion            |     1 |     2 ||     3
       Scroll            |     1 |     4 ||     5
 Stab: Sleeping          |     5 |     3 ||     8
       Distracted        |       |     1 ||     1
Armor: Robe              |    39 |    31 ||    70
       Skin              |       |     3 ||     3
Dodge: Dodged            |   106 |   101 ||   207
